 Dungeon Crawl Stone Soup version 0.30-a0-50-gb2d611f6b1 (webtiles) character file.

Game seed: 10901418349238417237

9642 drugrobin the Slicer (level 11, -6/138 HPs)
             Began as a Demigod Delver on Sept 5, 2022.
             Killed from afar by a tengu conjurer (11 damage)
             ... with a bolt of lightning
             ... on level 10 of the Dungeon.
             The game lasted 00:39:30 (15687 turns).

drugrobin the Slicer (Demigod Delver)              Turns: 15687, Time: 00:39:32

Health: -6/138     AC: 25    Str: 21    XL:     11   Next: 5%
Magic:  9/20       EV:  2    Int: 12    God:
Gold:   850        SH:  0    Dex: 19    Spells: 10/18 levels left

rFire   . . .      SeeInvis .    a - +3 short sword
rCold   . . .      Faith    .    (no shield)
rNeg    . . .      Spirit   .    (body armour currently unavailable)
rPois   +          Reflect  .    (helmet currently unavailable)
rElec   .          Harm     .    (cloak currently unavailable)
rCorr   .          Rampage  .    (gloves currently unavailable)
Will    +....      NoTele   +    (boots currently unavailable)
Stlth   +++.......               l - amulet of regeneration
HPRegen 1.13/turn                Z - ring of poison resistance
MPRegen 0.17/turn                w - +4 ring of evasion

@: tree-form (expiring)
A: stationary, stasis, torment immunity, boosted hp, high MP 1, forlorn, divine
attributes
a: no special abilities


You were on level 10 of the Dungeon.
You were a tree.
You visited 1 branch of the dungeon, and saw 10 of its levels.
You also visited: Ossuary.

You collected 927 gold pieces.
You spent 77 gold pieces at shops.

Inventory:

Hand Weapons
 a - a +3 short sword (weapon)
 b - a +0 short sword of draining
 c - a +1 antimagic short sword
 P - a +1 falchion of holy wrath
Missiles
 z - 45 poisoned darts
 H - a boomerang (quivered)
 Y - 2 curare-tipped darts
Armour
 p - a +0 ring mail
 q - a +0 robe of willpower
 v - a +0 pair of gloves (melded)
 M - a +0 troll leather armour
 N - a +0 cloak of preservation (melded)
 R - a +1 scale mail of fire resistance (melded)
 S - a +0 helmet (melded)
Magical Staves
 y - a staff of death
 D - a staff of cold
Jewellery
 i - a +6 ring of intelligence
 l - an amulet of regeneration (around neck)
 w - a +4 ring of evasion (right branch)
 O - a ring of protection from cold
 T - an amulet of reflection
 Z - a ring of poison resistance (left branch)
Wands
 g - a wand of digging (7)
 k - a wand of roots (1)
 X - a wand of polymorph (3)
Scrolls
 d - 3 scrolls of magic mapping
 e - 3 scrolls of fear
 j - 2 scrolls of identify
 m - 8 scrolls of teleportation {unknown}
 n - a scroll of vulnerability
 o - 3 scrolls of immolation
 A - 2 scrolls of poison
 B - a scroll of summoning
 F - a scroll of enchant weapon
 I - a scroll of enchant armour
 J - 2 scrolls of blinking
 W - 2 scrolls of fog
Potions
 f - 3 potions of haste
 h - 3 potions of mutation
 t - 4 potions of flight {unknown}
 u - 2 potions of might {unknown}
 x - a potion of invisibility {unknown}
 C - 2 potions of heal wounds
 E - 6 potions of curing
 G - 3 potions of ambrosia
 L - 4 potions of lignification


   Skills:
 + Level 7.6 Fighting
 - Level 10.0 Short Blades
 - Level 1.7 Dodging
 - Level 4.5 Stealth
 - Level 4.0 Spellcasting
 * Level 10.0 Summonings


You had 10 spell levels left.
You knew the following spells:

 Your Spells              Type           Power      Damage    Failure   Level
a - Beastly Appendage     Tmut           4%         N/A       22%         1
b - Wereblood             Tmut           2%         N/A       32%         2
c - Summon Mana Viper     Hex/Summ       14%        N/A       61%         5

Your spell library contained the following spells:

 Spells                   Type           Power      Damage    Failure   Level
 Ensorcelled Hibernation  Hex/Ice        4%         N/A       32%         2
 Passwall                 Tmut/Erth      1%         N/A       32%         2
 Summon Cactus Giant      Summ           13%        N/A       50%         6
 Spider Form              Tmut/Pois      2%         N/A       54%         3
 Swiftness                Air            2%         N/A       54%         3
 Summon Forest            Summ/Tloc      7%         N/A       61%         5
 Anguish                  Hex/Necr       1%         N/A       91%         4
 Cause Fear               Hex            1%         N/A       91%         4
 Dragon Form              Tmut           1%         N/A       100%        7
 Enfeeble                 Hex            1%         N/A       100%        7
 Chain Lightning          Conj/Air       1%         3d1       100%        9
 Dragon's Call            Summ           13%        N/A       100%        9
 Fire Storm               Conj/Fire      1%         7d1       100%        9
 Shatter                  Erth           1%         3d5*      100%        9


Dungeon Overview and Level Annotations

Branches:
Dungeon (10/15)            Temple (0/1) D:4            Lair (0/5) D:8
Ossuary (visited)
    Orc: D:9-12

Shops:
D:6 *

Annotations:
D:6 Maggie


Innate Abilities, Weirdness & Mutations

You are a tree.
Your roots penetrate the ground, keeping you stationary.
You cannot be teleported.
You are immune to unholy pain and torment.
Your maximum health is greatly increased.
Your equipment is partially melded.
You have an increased reservoir of magic. (+10% MP)
You shall have no god before yourself.
Your divine heritage dramatically boosts your attributes as you level up.


Message History

* * * LOW HITPOINT WARNING * * *
The tengu conjurer hits you but does no damage.
The tengu conjurer pecks you but does no damage.
The tengu conjurer claws you but does no damage.
Your wind drake bites the tengu conjurer.
The cyan ugly thing tail-slaps you.
* * * LOW HITPOINT WARNING * * *
The cyan ugly thing shocks you!
* * * LOW HITPOINT WARNING * * *
Unknown command.
Unknown command.
Unknown command.
Unknown command.
You feel much better.
The grasping roots constrict the skeletal warrior!
The grasping roots constrict the cyan ugly thing.
The grasping roots constrict the tengu conjurer.
The roots release their grip on the skeletal warrior.
The roots release their grip on the cyan ugly thing.
The roots release their grip on the tengu conjurer.
The skeletal warrior hits you with a +0 short sword.
* * * LOW HITPOINT WARNING * * *
The tengu conjurer hits you.
* * * LOW HITPOINT WARNING * * *
The tengu conjurer pecks you but does no damage.
The tengu conjurer claws you but does no damage.
The tengu conjurer blocks your wind drake's attack.
The cyan ugly thing tail-slaps you.
* * * LOW HITPOINT WARNING * * *
The cyan ugly thing shocks you!
* * * LOW HITPOINT WARNING * * *
Unknown command.
Unknown command.
You feel much better.
The skeletal warrior completely misses you.
The tengu conjurer gestures at you while chanting.
The bolt of lightning hits you!
* * * LOW HITPOINT WARNING * * *
The bolt of lightning hits you!
You die...

##.#.#.#.##.........#
#####)#########.#####
##.......## ##.##.(#
#.#.....#.# #...#.§#
#..#...#..# #..#..##
#...#.#...##..###..##
#....#....#..# ##..#
#...#.#...##. ##z.##
#..#...#..## #♣Q##
#.#.....#.# #!uk#*.#
##.......## ##.##.}#
#####.####### ## ###
.............
.............
#############


You could see a cyan ugly thing, a skeletal warrior, a tengu conjurer (ally
target), a battlesphere and a friendly wind drake (charmed, repels missiles).

Vanquished Creatures
  A two-headed ogre (D:10)
  A deep elf pyromancer (D:10)
  A troll (D:10)
  Grinder (D:5)
  3 slime creatures (D:9)
  2 hornets
  6 yaks (D:7)
  2 wyverns
  A basilisk (D:8)
  Menkaure (D:5)
  9 water moccasins
  An ice beast (D:5)
  2 orc warriors
  A sky beast (D:6)
  A black bear (D:6)
  An ogre (D:6)
  6 centaurs
  2 phantoms
  5 kobold brigands
  5 bullfrogs (D:7)
  2 gnoll sergeants
  3 scorpions
  6 wights
  10 killer bees
  5 howler monkeys
  A jelly (D:6)
  Crazy Yiuf (D:5)
  3 orc priests (D:7)
  3 gnoll boudas
  5 hounds
  8 iguanas
  6 orc wizards
  Ijyb (D:3)
  8 mummies (Ossuary)
  23 gnolls
  3 adders
  A white imp (D:7)
  A worm (D:2)
  3 dart slugs (D:1)
  23 orcs
  9 bats
  3 endoplasms
  2 giant cockroaches
  3 gnoll zombies (Ossuary)
  14 goblins
  10 hobgoblins
  4 jackals (D:2)
  30 kobolds
  A quokka (D:4)
  12 ball pythons
  4 frilled lizards
  3 hobgoblin zombies (Ossuary)
  2 kobold zombies (Ossuary)
  5 rats
270 creatures vanquished.

Vanquished Creatures (collateral kills)
  A centaur warrior (D:10)
1 creature vanquished.

Vanquished Creatures (others)
  A killer bee (D:10)
  An orc wizard (D:9)
  A bush (D:8)
  9 fungi
  15 plants (D:8)
27 creatures vanquished.

Grand Total: 298 creatures vanquished

Notes
Turn   | Place    | Note
-------+----------+-------------------------------------------
     0 | D:5      | drugrobin the Demigod Delver began the quest for the Orb.
     0 | D:5      | Reached XP level 1. HP: 18/18 MP: 3/3
    17 | D:5      | Noticed an iguana
    99 | D:5      | You fall into a shaft and drop 1 floor!
   125 | D:6      | Noticed a howler monkey
   159 | D:6      | Noticed a water moccasin
   186 | D:5      | Noticed a gnoll bouda
   202 | D:4      | Found a staircase to the Ecumenical Temple.
   202 | D:4      | Noticed a hound
   414 | D:4      | Noticed a phantom
   525 | D:3      | Reached XP level 2. HP: 4/25 MP: 4/4
   869 | D:3      | Noticed Ijyb
  1517 | D:4      | Reached XP level 3. HP: 30/30 MP: 5/5
  1728 | D:4      | Noticed a scorpion
  2796 | D:2      | Reached XP level 4. HP: 37/37 MP: 6/6
  3321 | D:2      | Reached skill level 5 in Short Blades
  3568 | D:2      | Reached XP level 5. HP: 39/42 MP: 7/7
  3673 | D:2      | Learned a level 1 spell: Beastly Appendage
  3676 | D:2      | Learned a level 2 spell: Wereblood
  4125 | D:3      | Killed Ijyb
  4314 | D:3      | Reached skill level 1 in Spellcasting
  4428 | D:4      | Reached XP level 6. HP: 43/50 MP: 11/11
  5198 | D:4      | Noticed a water moccasin
  5427 | D:4      | Killed a water moccasin
  5433 | D:4      | Reached XP level 7. HP: 56/56 MP: 13/15
  6013 | D:5      | Noticed Grinder
  6022 | D:5      | Killed Grinder
  6088 | D:5      | Noticed Menkaure
  6092 | D:5      | Killed Menkaure
  6282 | D:5      | Reached XP level 8. HP: 18/62 MP: 14/17
  6646 | D:5      | Found a runed translucent door.
  6647 | D:5      | Noticed Crazy Yiuf
  7192 | D:5      | Killed Crazy Yiuf
  7406 | D:6      | Noticed Maggie
  7547 | D:5      | Learned a level 5 spell: Summon Mana Viper
  7649 | D:6      | Reached skill level 1 in Summonings
  8281 | D:6      | Found Gine Soko's Assorted Antiques.
  8287 | D:6      | Bought an embroidered robe for 77 gold pieces
  8439 | D:7      | Found a sand-covered staircase.
  8444 | Ossuary  | Entered an ossuary
  9018 | D:7      | Reached XP level 9. HP: 58/70 MP: 18/18
 10596 | D:7      | Reached skill level 10 in Short Blades
 11079 | D:8      | Reached skill level 5 in Summonings
 11146 | D:7      | Reached skill level 5 in Fighting
 11669 | D:8      | Reached XP level 10. HP: 73/82 MP: 19/19
 11952 | D:8      | Found a staircase to the Lair.
 14986 | D:10     | Entered Level 10 of the Dungeon
 15537 | D:10     | Noticed a two-headed ogre
 15557 | D:10     | Killed a two-headed ogre
 15636 | D:10     | Noticed a deep elf pyromancer
 15637 | D:10     | Noticed a skeletal warrior
 15653 | D:10     | Noticed a centaur warrior
 15661 | D:10     | Killed a deep elf pyromancer
 15670 | D:10     | Noticed a cyan ugly thing
 15681 | D:10     | Killed a centaur warrior
 15682 | D:10     | Reached skill level 10 in Summonings
 15682 | D:10     | Reached XP level 11. HP: 36/92 MP: 7/20
 15686 | D:10     | HP: 4/138 [cyan ugly thing (15)]
 15687 | D:10     | Killed from afar by a tengu conjurer

Illustrated notes

Levels and vault maps discovered:
D:1:      dpeg_arrival_tiny_a, layout_basic,
          shapermc_ecumenical_altar_totnotflames, minmay_tetromino_s4
D:2:      layout_loops_ring, grunt_decor_clamped
D:3:      layout_rooms, minmay_quadrilaterals, uniq_ijyb
D:4:      layout_cave_pools, minmay_temple_entry_slanted, columned_hall_lemuel,
          lightli_corner_chamber
D:5:      layout_loops_ring, hangedman_decor_lopped, uniq_menkaure,
          uniq_crazy_yiuf_cottage, uniq_grinder
D:6:      layout_rooms, nicolae_overflow_hallway_of_the_gods, serial_shops,
          nicolae_shop_stone, uniq_maggie
D:7:      kennysheep_six_static_rooms, layout_gridville, enter_ossuary_5,
          nicolae_figureground_sparkle
D:8:      layout_loops_cross, minmay_lair_entry_grove, fungi_pond_lemuel
D:9:      layout_loops_corners, enter_bailey_2
D:10:     layout_cave_pools, minmay_the_grid_2x2 [minmay_the_grid_x,
          minmay_the_grid_minigrid_small_alt, minmay_the_grid_pillar_ring,
          minmay_the_grid_prize_four_corners_diamond_a]

Skill      XL: |  1  2  3  4  5  6  7  8  9 10 |
---------------+-------------------------------+-----
Short Blades   | 2 3 4 5 6 7 9 10 | 10.0
Spellcasting   | 1 3 4 |  4.0
Summonings     | 3 6 10 | 10.0
Fighting       | 3 5 7 |  7.6
Dodging        | |  1.7
Stealth        | |  4.5

Action                   |  1- 3 |  4- 6 |  7- 9 | 10-12 || total
-------------------------+-------+-------+-------+-------++-------
Melee: Short sword       |   220 |   280 |   418 |   366 ||  1284
       Punch             |     2 |     2 |     7 |     4 ||    15
       Kick              |       |    11 |   110 |    87 ||   208
       Headbutt          |       |     8 |    71 |    56 ||   135
       Quarterstaff      |       |       |    12 |       ||    12
       Rapier            |       |       |    74 |       ||    74
 Fire: Sling             |     8 |       |     8 |       ||    16
Throw: Dart              |       |    23 |     2 |     2 ||    27
       Boomerang         |       |       |    37 |     9 ||    46
       Throwing net      |       |       |     1 |     2 ||     3
 Cast: Beastly Appendage |       |     7 |    52 |    27 ||    86
       Wereblood         |       |       |     1 |       ||     1
Evoke: Wand              |       |     1 |    12 |     8 ||    21
  Use: Potion            |       |     3 |     2 |     3 ||     8
       Scroll            |       |       |     4 |    11 ||    15
 Stab: Sleeping          |     6 |     4 |     4 |     2 ||    16
       Held in net/web   |       |       |     1 |     2 ||     3
Armor: Leather armour    |    30 |    44 |    29 |       ||   103
       Scale mail        |    48 |    49 |    38 |    71 ||   206
       Robe              |       |       |    18 |       ||    18
       Skin              |       |       |       |    84 ||    84
Dodge: Dodged            |   135 |   124 |   231 |   157 ||   647
Block: Other             |       |       |    15 |    56 ||    71
       Reflection        |       |       |       |     3 ||     3

Table legend: (Time is in decaauts)
 A = Elapsed time spent in this place.
 B = Non-inter-level travel time spent in this place.
 C = Inter-level travel time spent in this place.
 D = Time resting spent in this place.
 E = Time spent auto-exploring this place.
 F = Levels seen in this place.
 G = Mean time per level.
                   A        B        C        D        E       F      G
               +--------+--------+--------+--------+--------+-----+--------+
         Total |  15355 |  14801 |    554 |   4497 |   6510 |  11 | 1395.9 |
       Dungeon |  14851 |  14297 |    554 |   4329 |   6333 |  10 | 1485.1 |
       Ossuary |    503 |    503 |      0 |    168 |    177 |   1 |  503.0 |
               +--------+--------+--------+--------+--------+-----+--------+

Top non-repeatable levels by time:
     D:7: 2580 daAuts
     D:9: 1967 daAuts
     D:3: 1880 daAuts
     D:4: 1761 daAuts
     D:8: 1604 daAuts
     D:5: 1529 daAuts
     D:2: 1401 daAuts
     D:6: 910 daAuts
     D:1: 837 daAuts
 Ossuary: 503 daAuts
    D:10: 378 daAuts
